AoeStats
← Blink

MegaRandom

505260888Analyzed
4v4 RM · 24d ago on Sep 8, 2026· 52m 5s· 8 players
Game mode
Random Map
Map size
Large (8 player)
Population
200
Speed
Normal
Resources
Standard
Victory
Conquest
Starting age
Dark Age
Ending age
Imperial Age
RankedLock teamsTeams togetherTeam positionsShared explorationLock speedFull tech treeHidden civsTurbo modeCheats
Victory
Defeat
🇦🇹 Aztecs · Austria
1055
+11
🇹🇷 Britons · Türkiye
984
+14
🇪🇪 Mongols · Estonia
973
+14
🇦🇹 Franks · Austria
855
+20
🇺🇸 Khitans · United States
997
-17
🇷🇺 Koreans · Russia
935
-32
🇺🇸 Tupi · United States
919
-14
🇺🇸 Burgundians · United States
897
-13
sebastianbecker1
2:16 Loom
13:07 Feudal Age
13:51 Double-Bit Axe
17:15 Fishing Lines
17:37 Town Watch
20:33 Castle Age
19:31 Stone Mining
20:36 Fletching
20:53 Scale Barding Armor
22:01 Medium Warships
25:19 Gold Mining
25:34 Gillnets
26:54 Forging
27:34 Wheelbarrow
27:35 Bodkin Arrow
28:21 Bow Saw
29:13 Chain Barding Armor
29:29 Iron Casting
31:26 Husbandry
31:54 Padded Archer Armor
37:38 Ballistics
44:08 Imperial Age
44:10 Caravan
46:41 Cavalier
46:46 Light Cavalry
47:26 Pikeman
48:07 Squires
50:26 Halberdier
51:18 Scale Mail Armor
52:27 Plate Barding Armor
smake
15:07 Feudal Age
16:40 Gold Mining
16:41 Double-Bit Axe
19:45 Castle Age
17:55 Scale Mail Armor
17:43 Fishing Lines
18:46 Stone Mining
21:09 Stone Shaft Mining
21:12 Gold Shaft Mining
20:52 Bow Saw
21:01 Chain Mail Armor
21:26 Wheelbarrow
20:49 Gillnets
26:55 Hand Cart
26:43 Horse Collar
26:42 Eagle Warrior
33:29 Pikeman
34:09 Squires
33:55 Arson
44:55 Imperial Age
42:11 Loom
42:12 Town Watch
45:54 Elite Jaguar Warrior
47:05 Town Patrol
47:38 Plate Mail Armor
46:44 Elite Skirmisher
49:17 Garland Wars
49:00 Atlatl
Dostoyevski
0:53 Loom
10:59 Feudal Age
14:44 Double-Bit Axe
15:06 Fishing Lines
24:03 Castle Age
26:13 Gillnets
26:48 Fletching
27:42 Wheelbarrow
28:31 Bodkin Arrow
28:25 Horse Collar
28:59 Bow Saw
30:26 Heavy Plow
33:02 Hand Cart
35:09 Ballistics
38:13 Imperial Age
35:32 Treadmill Crane
36:54 Yeomen
38:44 Elite Longbowman
41:34 Chemistry
41:38 Conscription
41:59 Conscription
42:39 Bracer
42:40 Padded Archer Armor
nebukatser
3:40 Loom
12:03 Feudal Age
12:38 Double-Bit Axe
14:07 Wheelbarrow
17:31 Fletching
18:45 Fishing Lines
Vanderhooooov
10:30 Feudal Age
10:38 Man-at-Arms
11:04 Arson
12:00 Double-Bit Axe
13:48 Scale Mail Armor
15:47 Loom
21:16 Castle Age
21:08 Domestication
22:34 Medium Warships
23:24 Scale Barding Armor
23:30 Forging
24:44 Wheelbarrow
24:42 Chain Barding Armor
36:44 Sanctity
43:33 Heavy Cavalry Archer
44:28 Padded Archer Armor
44:19 Fletching
48:37 Imperial Age
47:54 Heavy Cavalry Archer
48:40 Thumb Ring
48:46 Thumb Ring
Blink
6:25 Loom
6:29 Loom
11:21 Feudal Age
12:30 Double-Bit Axe
12:34 Champi Runner
13:00 Arson
13:39 Town Watch
14:51 Horse Collar
15:11 Gold Mining
18:49 Castle Age
18:34 Stone Mining
18:51 Scale Mail Armor
19:01 Forging
18:42 Fletching
19:41 Heavy Plow
20:18 Squires
19:39 Champi Warrior
20:54 Bow Saw
22:14 Iron Casting
24:02 Medium Warships
26:16 Wheelbarrow
26:43 Gold Shaft Mining
30:57 Hand Cart
31:41 Chain Mail Armor
31:22 Bodkin Arrow
30:54 Crossbowman
30:55 Elite Skirmisher
30:59 Pikeman
32:50 Padded Archer Armor
35:08 Caciques
39:49 Imperial Age
38:08 Sanctity
37:58 Redemption
37:47 Fishing Lines
40:19 Elite Blackwood Archer
41:20 Conscription
43:16 Hoardings
44:01 Ballistics
44:44 Chemistry
47:28 Two-Man Saw
messman2020
11:30 Loom
13:40 Feudal Age
13:02 Double-Bit Axe
13:08 Horse Collar
15:35 Bow Saw
17:01 Heavy Plow
18:33 Wheelbarrow
17:44 Fishing Lines
19:50 Gold Mining
20:33 Stone Mining
23:35 Castle Age
24:47 Medium Warships
26:06 Hand Cart
26:26 Crop Rotation
26:09 Town Watch
27:11 Fervor
27:34 Gillnets
28:30 Town Patrol
29:02 Cavalier
29:20 Demolition Ship
31:51 Fortified Wall
32:01 Ballistics
31:37 Murder Holes
35:16 Scale Barding Armor
35:21 Forging
35:02 Fletching
35:13 Padded Archer Armor
36:54 Siphons
37:01 Clinker Construction
37:01 Careening
39:31 Imperial Age
38:15 Guard Tower
38:42 Redemption
39:36 Two-Man Saw
39:42 Burgundian Vineyards
39:48 Bodkin Arrow
40:30 Iron Casting
40:14 Light Cavalry
40:54 Husbandry
41:33 Chain Barding Armor
41:13 Bracer
41:28 Leather Archer Armor
41:14 Scale Mail Armor
42:55 Conscription
45:16 Chemistry
44:51 Keep
44:29 Masonry
44:39 Carvel Hull
43:56 Hussar
46:37 Blast Furnace
46:12 Plate Barding Armor
45:53 Leather Archer Armor
47:22 Paladin
48:53 Chain Mail Armor
48:03 Capped Ram
50:26 Elite Coustillier
ULTRALORD
12:32 Feudal Age
17:27 Castle Age
27:54 Double-Bit Axe
28:15 Horse Collar
29:16 Wheelbarrow
28:23 Crossbowman
29:22 Fletching
30:02 Bow Saw
31:01 Thumb Ring
32:44 Bodkin Arrow
33:08 Hand Cart
38:21 Imperial Age
36:29 Husbandry
36:38 Scale Barding Armor
36:50 Forging
38:31 Cavalier
44:58 Ballistics
45:39 Chemistry
Connection lost

Rejoining the realm…

Still unreachable

The connection could not be restored.

Session expired

The server has moved on; the page needs a fresh start.